 Dungeon Crawl Stone Soup version 0.21.1-1-g345015f (console) character file.

63 Homage the Sneak (level 3, -1/16 HPs)
             Began as a Spriggan Enchanter on Mar 6, 2018.
             Slain by Robin
             ... wielding a +0 club
              (6 damage)
             ... on level 2 of the Dungeon.
             The game lasted 00:04:41 (1966 turns).

Homage the Sneak (Spriggan Enchanter)               Turns: 1966, Time: 00:04:42

Health: -1/16      AC:  2    Str:  4    XL:     3   Next: 89%
Magic:  2/9        EV: 18    Int: 16    God:
Gold:   27         SH:  3    Dex: 17    Spells: 4/10 levels left

rFire    . . .     SeeInvis +   a - +1 dagger
rCold    . . .     Gourm    .   (shield restricted)
rNeg     . . .     Faith    .   b - +0 robe
rPois    .         Spirit   .   (helmet restricted)
rElec    .         Reflect  +   (no cloak)
rCorr    .         Harm     .   (gloves unavailable)
MR       .....                  (boots unavailable)
Stlth    +++.......             e - +3 amulet of reflection
HPRegen  0.05/turn              (no ring)
MPRegen  0.11/turn              (no ring)

@: very quick
A: very small, unfitting armour, see invisible, herbivore, speed 3, slow
metabolism 2
a: no special abilities


You were on level 2 of the Dungeon.
You were not hungry.

You visited 1 branch of the dungeon, and saw 2 of its levels.

You collected 27 gold pieces.


Innate Abilities, Weirdness & Mutations

You are very small and have problems with some larger weapons.
You are too small for most types of armour.
You have supernaturally acute eyesight. (SInv)
You are a herbivore.
You cover ground extremely quickly.
You need consume almost no food.


   Skills:
 - Level 1.1 Short Blades
 - Level 3.0 Dodging
 - Level 4.4 Stealth
 - Level 4.2 Spellcasting
 - Level 3.6 Hexes
 + Level 1.9 Ice Magic


You had 4 spell levels left.
You knew the following spells:

 Your Spells              Type           Power        Failure   Level  Hunger
a - Confuse               Hex            ##......     11%         3    ###....
e - Ensorcelled Hibernat  Hex/Ice        ##....       8%          2    ##.....
Z - Corona                Hex            ##.....      3%          1    None

Inventory:

Hand Weapons
 a - a +1 dagger (weapon)
Armour
 b - a +0 robe (worn)
Jewellery
 e - a +3 amulet of reflection (around neck)
Scrolls
 f - a scroll of identify
 h - a scroll of teleportation
 i - a scroll of remove curse {unknown}
Potions
 g - a potion of berserk rage {!q}
Books
 c - a book of Maledictions

   Spells                             Type                      Level
   a - Corona                         Hexes                        1
   b - Ensorcelled Hibernation        Hexes/Ice                    2
   c - Confuse                        Hexes                        3
   d - Tukima's Dance                 Hexes                        3
   e - Dazzling Spray                 Conjuration/Hexes            3
Comestibles
 d - 2 rations


Message History

Unknown command.
You closely miss Robin.
Robin is moderately wounded.
Robin points. "Kill!"
Robin hits you but does no damage.
You hit Robin but do no damage.
Robin is moderately wounded.
Robin closely misses you.
You closely miss Robin.
Robin is moderately wounded.
Robin hits you with a club.
You barely miss Robin.
Robin is moderately wounded.
You closely miss Robin.
Robin is moderately wounded.
Robin is no longer unusually agile.
Robin hits you with a club.
You hit Robin but do no damage.
Robin is moderately wounded.
Robin hits you with a club.
You die...

########################
.......@g...............
######################## ####..
#....# #....# #....### #####
#.......
#...#############...####
########...+.....s.....<.......


You could see Robin.

Vanquished Creatures
  2 adders (D:2)
  A worm (D:2)
  2 dart slugs (D:2)
  3 giant cockroaches (D:2)
  9 goblins
  5 hobgoblins
  4 jackals (D:2)
  A kobold (D:2)
  A quokka (D:2)
  2 bats (D:2)
  2 frilled lizards
  A rat (D:1)
33 creatures vanquished.

Notes
Turn   | Place    | Note
-------+----------+-------------------------------------------
     0 | D:1      | Homage the Spriggan Enchanter began the quest for the Orb.
     0 | D:1      | Reached XP level 1. HP: 9/9 MP: 5/5
    66 | D:1      | HP: 1/9 [hobgoblin (4)]
    68 | D:1      | Reached skill level 3 in Spellcasting
   474 | D:2      | Reached XP level 2. HP: 7/13 MP: 5/7
   564 | D:2      | Learned a level 2 spell: Ensorcelled Hibernation
  1080 | D:2      | Reached skill level 1 in Ice Magic
  1080 | D:2      | Reached XP level 3. HP: 5/16 MP: 4/9
  1096 | D:2      | HP: 3/16 [poisoned by an adder]
  1370 | D:2      | Found an ancient bone altar of Kikubaaqudgha.
  1670 | D:2      | Noticed Robin
  1816 | D:2      | Learned a level 3 spell: Confuse
  1966 | D:2      | Slain by Robin

Vault maps used:
D:1:      dpeg_arrival_leaves_temple_mockup, minmay_misc_feat_roman
D:2:      overflow_temple_1_default, serial_corexii_hall,
          corexii_hall_statues_i, corexii_hall_statues_deadend, uniq_robin

Action                   || total
-------------------------++-------
Melee: Dagger            ||   136
 Cast: Ensorcelled Hiber ||    27
  Use: Scroll            ||     3
       Potion            ||     1
 Stab: Sleeping          ||    12
Armor: Robe              ||    16
Dodge: Dodged            ||   101
Block: Other             ||     7
